 Dungeon Crawl Stone Soup version 0.21.1-1-g345015f (webtiles) character file.

11636 nicolaieve the Severer (level 11, -4/101 HPs)
             Began as a Minotaur Berserker on July 18, 2018.
             Was a High Priest of Trog.
             Slain by an ice beast (6 damage)
             ... summoned by an ice statue
             ... in an ice cave.
             The game lasted 00:36:48 (7749 turns).

nicolaieve the Severer (Minotaur Berserker)         Turns: 7749, Time: 00:36:49

Health: -4/101     AC: 18    Str: 26    XL:     11   Next: 51%
Magic:  10/10      EV: 13    Int:  4    God:    Trog [*****.]
Gold:   386        SH:  0    Dex: 17    Spells: 10/10 levels left

rFire    . . .     SeeInvis .   K - +9 war axe "Unnab" {chop, rPois rC- Dex+8}
rCold    + . .     Gourm    .   (no shield)
rNeg     . . .     Faith    +   L - +2 plate armour {rC+}
rPois    +         Spirit   .   (helmet restricted)
rElec    .         Reflect  .   f - +0 cloak
rCorr    .         Harm     .   (no gloves)
MR       .....                  (no boots)
Stlth    ..........             k - amulet of faith
HPRegen  0.26/turn              x - ring of protection from cold
MPRegen  0.12/turn              y - +4 ring of evasion

@: berserk cooldown, slowed, very slow
A: retaliatory headbutt, horns 2
a: Berserk, Trog's Hand, Brothers in Arms, Burn Spellbooks, Renounce Religion


You were in an ice cave.
You worshipped Trog.
Trog was extremely pleased with you.
You were very hungry.

You visited 2 branches of the dungeon, and saw 11 of its levels.
You also visited: Ice Cave.

You collected 426 gold pieces.
You spent 40 gold pieces at shops.

Inventory:

Hand Weapons
 w - a cursed +0 battleaxe
 K - the +9 war axe "Unnab" (weapon) {chop, rPois rC- Dex+8}
   (You found it on level 10 of the Dungeon)

   It inflicts extra damage upon your enemies.
   It affects your dexterity (+8).
   It makes you vulnerable to cold.
   It protects you from poison.
Armour
 e - the +0 pair of boots "Awkuedom" {rCorr, unknown}
   (You found it on level 9 of the Dungeon)

   It protects you from acid and corrosion.
 f - a +0 cloak (worn)
 E - a +0 plate armour of magic resistance
 L - a +2 plate armour of cold resistance (worn)
Jewellery
 k - an amulet of faith (around neck)
 t - an uncursed amulet of regeneration
 x - a ring of protection from cold (left hand)
 y - a +4 ring of evasion (right hand)
Wands
 a - a wand of polymorph (6)
 b - a wand of iceblast (9)
 m - a wand of random effects (33)
 v - a wand of clouds (5)
Scrolls
 d - a scroll of fog {unknown}
 i - 4 scrolls of teleportation {unknown}
 j - 3 scrolls of remove curse
 l - 2 scrolls of enchant weapon {unknown}
 n - 2 scrolls of random uselessness {unknown}
 p - 2 scrolls of amnesia {unknown}
 s - 2 scrolls of enchant armour {unknown}
 B - a scroll of vulnerability {unknown}
 D - a scroll of fear {unknown}
 I - 2 scrolls of immolation {unknown}
 J - a scroll of blinking {unknown}
Potions
 g - 11 potions of curing
 o - a potion of flight
 r - 2 potions of mutation
 u - 2 potions of might
 z - 2 potions of heal wounds {unknown}
 A - a potion of lignification {unknown}
 F - a potion of agility {unknown}
 H - a potion of berserk rage {unknown}
Comestibles
 c - 23 rations
 h - 5 chunks of flesh


   Skills:
 * Level 10.5 Fighting
 - Level 16.1 Axes
 * Level 10.4 Armour
 - Level 2.1 Dodging


You had 10 spell levels left.
You didn't know any spells.

Dungeon Overview and Level Annotations

Branches:
Dungeon (10/15)            Temple (0/1) D:5            Lair (1/6) D:8
    Orc (0/2) D:10

Altars:
Elyvilon
Gozag
Okawaru
Sif Muna
Trog
Wu Jian
The Shining One

Shops:
D:10 *

Annotations:
IceCv exclusion: ice statue


Innate Abilities, Weirdness & Mutations

You reflexively headbutt those who attack you in melee.
You have a pair of horns on your head.


Message History

* * * LOW HITPOINT WARNING * * *
The ice statue glitters chillingly in the dim dungeon light.
The ice beast hits you but does no damage. x2
Okay, then.
Eat one of 5 chunks of flesh? (ye/n/q)
Okay, then.
You feel better.
You are engulfed in freezing vapours.
You resist.
* * * LOW HITPOINT WARNING * * *
Your skin stops crawling.
You feel less resistant to hostile enchantments.
The ice beast misses you.
The ice beast hits you but does no damage.
The ice beast hits you.
* * * LOW HITPOINT WARNING * * *
The ice beast freezes you. You resist.
* * * LOW HITPOINT WARNING * * *
The ice beast hits you.
* * * LOW HITPOINT WARNING * * *
The ice beast freezes you. You resist.
You die...

###########
##...[.$...##
#...8.:.8...#
##....?§§....##
#.....Y§§.....#
#.....@Y§8....#
#.....§Y§.....#
##....§§§....##
#.......§...#
#.....©.....#
##.........##
##...∩...##
##.....##
#######


You could see an ice statue and 3 ice beasts.

Vanquished Creatures
  2 two-headed ogres
  Pikel (D:5)
  2 ugly things (IceCv)
  A cyclops (D:9)
  Psyche (D:9)
  An ice statue (IceCv)
  A komodo dragon (Lair:1)
  Prince Ribbit (D:7)
  2 hippogriffs
  12 yaks
  A steam dragon (D:10)
  A hungry ghost (D:7)
  Grum (D:9)
  Menkaure (D:4)
  A water moccasin (Lair:1)
  3 porcupines (D:8)
  5 orc warriors
  3 black bears
  A sky beast (D:9)
  9 ice beasts
  5 ogres
  4 wolves (D:9)
  A crocodile (Lair:1)
  A centaur (D:7)
  5 bullfrogs
  Blork the orc (D:4)
  A wyvern zombie (D:7)
  A water moccasin skeleton (D:5)
  A wyvern skeleton (D:7)
  5 scorpions
  5 killer bees (D:10)
  9 wights
  2 howler monkeys
  3 crimson imps
  A quasit (D:8)
  2 orc priests
  3 hounds
  3 jellies (D:10)
  2 bullfrog skeletons
  4 iguanas
  4 orc wizards
  7 worker ants
  A killer bee zombie (D:8)
  A hound zombie (D:5)
  A worker ant zombie (D:6)
  A howler monkey skeleton (D:7)
  8 adders
  6 oozes
  An adder zombie (D:9)
  A worm (D:3)
  2 dart slugs
  3 leopard geckos
  25 orcs
  2 ball pythons
  7 giant cockroaches
  4 goblins
  6 hobgoblins
  5 jackals
  2 quokkas
  5 bats
  2 frilled lizards
  7 kobolds
  2 leopard gecko skeletons
  A quokka zombie (D:8)
  7 rats
220 creatures vanquished.

Vanquished Creatures (others)
  A slave (D:8)
  A worker ant (D:5)
  An adder (D:10)
  11 fungi (D:8)
14 creatures vanquished.

Grand Total: 234 creatures vanquished

Notes
Turn   | Place    | Note
-------+----------+-------------------------------------------
     0 | D:1      | nicolaieve the Minotaur Berserker began the quest for the Orb.
     0 | D:1      | Reached XP level 1. HP: 19/19 MP: 0/0
   114 | D:1      | Reached skill level 4 in Axes
   143 | D:1      | Reached XP level 2. HP: 18/26 MP: 1/1
   421 | D:1      | Reached skill level 5 in Axes
   635 | D:2      | Reached XP level 3. HP: 27/31 MP: 2/2
   636 | D:2      | Reached ** piety under Trog
  1142 | D:3      | Reached XP level 4. HP: 34/39 MP: 3/3
  1187 | D:3      | Reached skill level 6 in Axes
  1622 | D:3      | Found an ornate altar of the Wu Jian Council.
  1734 | D:4      | Noticed Menkaure
  1741 | D:4      | Killed Menkaure
  1741 | D:4      | Reached *** piety under Trog
  1741 | D:4      | Reached skill level 8 in Axes
  1741 | D:4      | Reached XP level 5. HP: 29/45 MP: 4/4
  1773 | D:4      | Noticed a black bear
  1779 | D:4      | Killed a black bear
  1779 | D:4      | Reached XP level 6. HP: 32/51 MP: 5/5
  1904 | D:4      | Noticed Blork the orc
  1918 | D:4      | Killed Blork the orc
  1918 | D:4      | Reached skill level 9 in Axes
  2446 | D:5      | Entered Level 5 of the Dungeon
  2511 | D:5      | Found a staircase to the Ecumenical Temple.
  2692 | D:5      | Reached XP level 7. HP: 47/57 MP: 6/6
  2725 | D:5      | Found a deep blue altar of Sif Muna.
  2796 | D:5      | Found an iron altar of Okawaru.
  2800 | D:5      | Noticed Pikel
  2811 | D:5      | Killed Pikel
  2811 | D:5      | Reached skill level 11 in Axes
  2919 | D:5      | Reached XP level 8. HP: 55/64 MP: 7/7
  3581 | D:7      | Found a bloodstained altar of Trog.
  3589 | D:7      | Reached skill level 12 in Axes
  3663 | D:7      | Found a white marble altar of Elyvilon.
  3730 | D:7      | Noticed Prince Ribbit
  3735 | D:7      | Killed Prince Ribbit
  3735 | D:7      | Reached skill level 13 in Axes
  3822 | D:7      | HP: 2/64 [orc warrior/mace (7)]
  4136 | D:7      | Noticed a hippogriff
  4150 | D:7      | Killed a hippogriff
  4150 | D:7      | Reached skill level 14 in Axes
  4150 | D:7      | Reached XP level 9. HP: 32/70 MP: 8/8
  4435 | D:7      | Found a glowing golden altar of the Shining One.
  4573 | D:8      | Noticed a two-headed ogre
  4582 | D:8      | Killed a two-headed ogre
  4582 | D:8      | Reached skill level 15 in Axes
  4616 | D:8      | Reached **** piety under Trog
  4647 | D:8      | Reached skill level 16 in Axes
  4703 | D:8      | HP: 2/70 [porcupine (6)]
  4743 | D:8      | Reached XP level 10. HP: 26/78 MP: 9/9
  4776 | D:8      | Found a staircase to the Lair.
  5064 | D:8      | Found an opulent altar of Gozag.
  5623 | D:9      | Noticed Psyche
  5624 | D:9      | Noticed Grum
  5629 | D:9      | Killed Psyche
  5629 | D:9      | Reached skill level 5 in Fighting
  5629 | D:9      | Reached skill level 5 in Armour
  5634 | D:9      | Killed Grum
  5690 | D:9      | Got a pair of scorched boots
  5802 | D:9      | Reached ***** piety under Trog
  5842 | D:9      | Noticed a cyclops
  5852 | D:9      | Killed a cyclops
  6643 | D:10     | Entered Level 10 of the Dungeon
  6690 | D:10     | Noticed a two-headed ogre
  6700 | D:10     | Killed a two-headed ogre
  6700 | D:10     | Reached XP level 11. HP: 16/95 MP: 10/10
  6916 | D:10     | Found a staircase to the Orcish Mines.
  7145 | D:10     | Got an ichor-stained war axe
  7189 | D:10     | Found Ufureig's Assorted Antiques.
  7216 | D:10     | Bought a scroll of identify for 40 gold pieces
  7377 | D:10     | Identified the +9 war axe "Unnab" {chop, rPois rC- Dex+8} (You found it on level 10 of the Dungeon)
  7455 | Lair:1   | Entered Level 1 of the Lair of Beasts
  7612 | Lair:1   | Found a frozen archway.
  7669 | IceCv    | Entered an ice cave
  7669 | IceCv    | Noticed a white ugly thing
  7675 | IceCv    | Reached skill level 10 in Fighting
  7676 | IceCv    | Killed a white ugly thing
  7676 | IceCv    | Reached skill level 10 in Armour
  7679 | IceCv    | Found a transporter.
  7723 | IceCv    | Noticed a white ugly thing
  7728 | IceCv    | Killed a white ugly thing
  7749 | IceCv    | HP: 4/101 [ice beast[an ice statue] (5)]
  7749 | IceCv    | Slain by an ice beast

Skill      XL: |  1  2  3  4  5  6  7  8  9 10 11 |
---------------+----------------------------------+-----
Axes           | 4 5 8 9 11 14 16 | 16.1
Fighting       | 4 8 10 | 10.5
Armour         | 3 8 10 | 10.4
Dodging        | |  2.1

Action                   |  1- 3 |  4- 6 |  7- 9 | 10-12 || total
-------------------------+-------+-------+-------+-------++-------
Melee: Hand axe          |    90 |   132 |   247 |       ||   469
       Headbutt          |    10 |    20 |    48 |    58 ||   136
       War axe           |       |       |    14 |   231 ||   245
Invok: Berserk           |       |     1 |     8 |     8 ||    17
       Trog's Hand       |       |       |     4 |     6 ||    10
       Burn Spellbooks   |       |       |       |     3 ||     3
  Use: Scroll            |       |       |       |     7 ||     7
       Potion            |       |       |       |     2 ||     2
  Eat: Chunk             |     1 |     6 |    13 |    12 ||    32
       Ration            |       |       |     1 |     2 ||     3
Armor: Scale mail        |    54 |    46 |    29 |       ||   129
       Plate armour      |       |       |   126 |   101 ||   227
Dodge: Dodged            |    42 |    62 |   104 |   132 ||   340
